[Event "*** MasterClass Titled Tuesday Blitz"]
[Site "Chess.com"]
[Date "2017.10.03"]
[Round "5"]
[White "Daniela_Movileanu"]
[Black "Abdodi"]
[Result "1-0"]
[WhiteElo "2095"]
[BlackElo "2139"]
[TimeControl "180+2"]
[EndTime "14:06:54 PDT"]
[Termination "Daniela_Movileanu won by resignation"]

1. e4 e5 2. Nf3 Nf6 3. Nxe5 d6 4. Nf3 Nxe4 5. Nc3 Nxc3 6. dxc3 Be7 7. Be3 O-O 8. Qd2 a5 9. O-O-O a4 10. a3 c6 11. h4 b5 12. Ng5 Bf5 13. Bd3 Bxd3 14. Qxd3 g6 15. f4 Nd7 16. h5 Bxg5 17. fxg5 Ne5 18.
Qe4 Re8 19. Bd4 Qxg5+ 20. Kb1 d5 21. Qe1 Nf3 22. Qf2 Nxd4 23. Rxd4 Qe3 24. Qh4 g5 25. Qg4 h6 26. Qd7 Qe6 27. Qc7 Rac8 28. Qg3 Qe5 29.
Qg4 Re6 30. Rf1 Rf8 31. Rd3 f5 32. Qh3 f4 33. Rdd1 Qf5 34. Qh2 Re2 35. Rc1 Qe4 36. Qg1 Qe3 37. Qh1 Re8 38. Rf3 Qc5 39. Qd1 R8e4 40. g3 Re1 41. Qxe1 Rxe1 42. Rxe1 fxg3 43. Rxg3 Qf2 44. Rge3 g4 45. Re8+ Kf7 46. R1e7+ Kf6 47. Rf8+ Kxe7 48. Rxf2 Ke6 49. Rf4 1-0

[Event "*** MasterClass Titled Tuesday Blitz"]
[Site "Chess.com"]
[Date "2017.10.03"]
[Round "5"]
[White "Cayse"]
[Black "pKiLz5Rn9b"]
[Result "0-1"]
[WhiteElo "2628"]
[BlackElo "2552"]
[TimeControl "180+2"]
[EndTime "14:06:55 PDT"]
[Termination "pKiLz5Rn9b won by resignation"]

1. e4 e6 2. d4 d5 3. Nd2 c5 4. Ngf3 cxd4 5. Nxd4 Nc6 6. Bb5 Bd7 7. Nxc6 bxc6 8.
Bd3 Qc7 9. Qe2 Ne7 10. O-O Ng6 11. Nf3 Be7 12. c4 dxc4 13. Bxc4 Rb8 14. Rd1 c5 15. b3 Bc6 16. Bb2 O-O 17. g3 Rfd8 18. h4 Bf6 19. Bxf6 gxf6 20. Qe3 Ne5 21. Be2 c4 22. bxc4 Nxf3+ 23. Bxf3 Qe5 24. Qxa7 Bxe4 25. Re1 f5 26. Qe3 Rd4 27. Rac1 f6 28. Qc3 Qc5 29. Bxe4 fxe4 30. Red1 e5 31. Qc2 f5 32. Qe2 Rf8 33.
Kg2 f4 34. Qg4+ Kh8 35. Rxd4 Qxd4 36. Rc2 f3+ 37. Kh2 e3 38. Qg5 e2 39. Qe7 Qxf2+ 0-1

[Event "*** MasterClass Titled Tuesday Blitz"]
[Site "Chess.com"]
[Date "2017.10.03"]
[Round "5"]
[White "Robin-Side"]
[Black "guilhermedeola"]
[Result "0-1"]
[WhiteElo "2567"]
[BlackElo "2043"]
[TimeControl "180+2"]
[EndTime "14:06:55 PDT"]
[Termination "guilhermedeola won on time"]

1. d4 g6 2. e4 Bg7 3. Nc3 e6 4.
Bf4 d6 5. Qd2 h6 6. O-O-O Ne7 7.
h4 Nd7 8. h5 g5 9. Be3 b6 10.
f4 f6 11. fxg5 fxg5 12. e5 d5 13. Nf3 Bb7 14. g4 Nf8 15. Nxg5 hxg5 16. Bxg5 Nh7 17. h6 Bf8 18. Bf6 Rg8 19. g5 Qd7 20. Bd3 Ng6 21. Rdf1 Be7 22. Qh2 O-O-O 23. Qh5 Ngf8 24. g6 Nxf6 25. exf6 Bxf6 26. Rxf6 Nxg6 27. Rxg6 Rh8 28. h7 Qf7 29. Rh6 Qf4+ 30. Kb1 Qxd4 31. Rxe6 Qg7 32. Qh6 Qf7 33. a3 Kb8 34. Rf6 Qe7 0-1

[Event "*** MasterClass Titled Tuesday Blitz"]
[Site "Chess.com"]
[Date "2017.10.03"]
[Round "5"]
[White "manubibi"]
[Black "mazetofonias"]
[Result "0-1"]
[WhiteElo "2353"]
[BlackElo "2491"]
[TimeControl "180+2"]
[EndTime "14:06:58 PDT"]
[Termination "mazetofonias won by resignation"]

1. e4 c5 2. Nf3 d6 3. d4 cxd4 4. Nxd4 Nf6 5. Nc3 a6 6. Bg5 Nbd7 7. Qe2 h6 8. Bh4 g6 9. f4 e5 10. fxe5 dxe5 11. Nb3 Qc7 12. O-O-O b5 13. g4 Bb7 14.
Bg2 Rc8 15. Nd5 Nxd5 16. exd5 Bd6 17. Nd4 O-O 18. Nc6 Nb6 19. Qd2 e4 20. Kb1 Bf4 21.
Ne7+ Kh7 22. Qe2 Rce8 23. Rhf1 Bd6 24. Nc6 Nxd5 25. Rxd5 Bxc6 26. Rdd1 Be5 27. Bf6 Re6 28. g5 Bxf6 29. gxf6 Qe5 30. Qe3 Rxf6 31. Rxf6 Qxf6 32. Qb6 Kg7 33. Qxa6 Re8 34. Qb6 Re6 35. Rf1 Qe5 36. Qe3 Bd5 37. h4 f5 38. a3 Re7 39. Bh3 Bc4 40. Rd1 f4 41. Qb6 e3 42. Rd6 Bf7 43. Bf1 f3 44. Rd3 e2 45. Rxf3 0-1

[Event "*** MasterClass Titled Tuesday Blitz"]
[Site "Chess.com"]
[Date "2017.10.03"]
[Round "5"]
[White "Muisback26"]
[Black "BillieKimbah"]
[Result "1-0"]
[WhiteElo "2690"]
[BlackElo "2692"]
[TimeControl "180+2"]
[EndTime "14:07:00 PDT"]
[Termination "Muisback26 won by resignation"]

1. e4 e5 2. Nf3 Nc6 3. Bc4 Bc5 4. c3 Nf6 5. d3 a6 6. a4 d6 7. Bg5 h6 8. Bh4 g5 9. Bg3 Ba7 10. Nbd2 O-O 11. Qc2 Ne7 12. d4 Ng6 13. h4 g4 14.
h5 Nf4 15. Bxf4 exf4 16. e5 d5 17. Bd3 gxf3 18. gxf3 Ne8 19. O-O-O Kh8 20. Rdg1 c5 21. dxc5 Bxc5 22. Nb3 Be7 23. Nd4 Bg5 24. Kb1 Ng7 25.
Qd2 Qe7 26. Re1 Bd7 27. Bc2 f5 28. e6 Be8 29. Re5 Rd8 30. Qd3 Rd6 31. Bb3 Bxh5 32.
Bxd5 Bg6 33. Bb3 Bf6 34. Ree1 Rfd8 35. Rxh6+ Kg8 36. Reh1 Bh5 37. R1xh5 Nxh5 38. Qxf5 Bg7 39. Rxh5 Rxd4 40. Qh7+ Kf8 41. Rf5+ 1-0

[Event "*** MasterClass Titled Tuesday Blitz"]
[Site "Chess.com"]
[Date "2017.10.03"]
[Round "5"]
[White "IMVoja"]
[Black "matiss90"]
[Result "1-0"]
[WhiteElo "2401"]
[BlackElo "2256"]
[TimeControl "180+2"]
[EndTime "14:07:05 PDT"]
[Termination "IMVoja won by resignation"]

1. Nf3 Nf6 2. d4 g5 3. Bxg5 Ne4 4. Bf4 Bg7 5. c3 d5 6. e3 Bf5 7. Nbd2 Nd7 8. h3 Ndf6 9. Ne5 c6 10. Be2 h5 11.
Nxe4 Bxe4 12. Bf3 Bf5 13. Qb3 Qb6 14. Qxb6 axb6 15. O-O Ne4 16. Rfd1 h4 17. Bxe4 Bxe4 18. f3 Bf5 19. Kf2 Rg8 20. Re1 f6 21. Ng4 Bxg4 22.
hxg4 e5 23. dxe5 fxe5 24. Bg5 h3 25. gxh3 e4 26. f4 b5 27. a3 Kf7 28. h4 c5 29.
Rad1 b4 30. axb4 cxb4 31. cxb4 Ke6 32. f5+ Kd6 33. Bf4+ Be5 34. g5 Bxf4 35. exf4 Rge8 36. Rd4 Ra2 37. Re2 Rf8 38. f6 Ke6 39. Red2 Kf5 40. Ke3 Ra1 41. Rxd5+ Kg6 42. Kxe4 Re1+ 43. Kf3 Rfe8 44.
Re5 R8xe5 45. fxe5 Rxe5 46. Rd7 b5 47. Rg7+ Kh5 48.
f7 Rf5+ 49. Ke4 Rf2 50. g6 Kh6 51. Rg8 Kh5 52. f8=Q Re2+ 53. Kd3 Rxb2 1-0

[Event "*** MasterClass Titled Tuesday Blitz"]
[Site "Chess.com"]
[Date "2017.10.03"]
[Round "5"]
[White "Semetey"]
[Black "igorkovalenko"]
[Result "1/2-1/2"]
[WhiteElo "2458"]
[BlackElo "2711"]
[TimeControl "180+2"]
[EndTime "14:07:06 PDT"]
[Termination "Game drawn by repetition"]

1. Nf3 c5 2. g3 g6 3. Bg2 Bg7 4. O-O Nf6 5. c4 Nc6 6. Nc3 d6 7. d4 O-O 8. dxc5 dxc5 9. Be3 Qxd1 10. Rfxd1 Nd7 11. Nd2 Bxc3 12. bxc3 Na5 13. Rab1 Rb8 14.
Bf4 e5 15. Bh6 Re8 16. Bd5 Nf6 17.
Be3 Bf5 18. Rb5 b6 19. Bg5 Nxd5 20. cxd5 Kg7 21. e4 Bd7 22. Rbb1 h6 23. Be3 Ba4 24. Re1 Nb7 25. f4 Rbd8 26. c4 f6 27. fxe5 Rxe5 28. Bf4 Re7 29. e5 g5 30. exf6+ Kxf6 31. Rxe7 Kxe7 32. Re1+ Kf7 33. Be5 Re8 34. Rf1+ Kg8 35. Bc7 Re2 36. Nf3 Na5 37. Ne5 Re4 38. Bd6 Nxc4 39.
Rf8+ Kg7 40. Rf7+ Kg8 41. Rf8+ Kg7 42. Rf7+ Kg8 43. Rf8+ Kg7 44. Rf7+ Kg8 1/2-1/2

[Event "*** MasterClass Titled Tuesday Blitz"]
[Site "Chess.com"]
[Date "2017.10.03"]
[Round "5"]
[White "Bengalas"]
[Black "SergeiAza"]
[Result "0-1"]
[WhiteElo "2542"]
[BlackElo "2712"]
[TimeControl "180+2"]
[EndTime "14:07:12 PDT"]
[Termination "SergeiAza won by resignation"]

1. d4 Nf6 2. c4 e6 3. Nc3 Bb4 4. Qc2 b6 5. e4 c5 6. d5 O-O 7. Nf3 Qe7 8. Be2 exd5 9. exd5 Re8 10. h3 Bxc3+ 11. bxc3 d6 12. Be3 Nbd7 13. O-O Ne5 14. Nxe5 Qxe5 15. a4 Bf5 16. Qb3 Ne4 17. Rac1 Ng3 18. Rfe1 Nxe2+ 19. Rxe2 Bd3 20. Rd2 Qe4 21.
Bg5 Bxc4 22. Qd1 h6 23. f3 Qf5 24. Bh4 Qf4 25. Bf2 Re7 26. a5 b5 27. a6 Rae8 28. Qc2 h5 29. Rcd1 h4 30. Qb2 f6 31.
Qa3 Re5 32. Qb2 Rg5 33. Kh1 Ree5 34. Bg1 Rg3 35. Bh2 Re3 36. Bxg3 hxg3 37. Qc1 Qe5 38. Rg1 Qxc3 39. Qd1 Qe5 40. Qc1 f5 41. Rdd1 f4 42.
Rge1 Be2 43. Rd2 Bxf3 44. Rxe3 fxe3 45. Rd3 e2 46. Re3 Qxd5 47. gxf3 Qd1+ 0-1

[Event "*** MasterClass Titled Tuesday Blitz"]
[Site "Chess.com"]
[Date "2017.10.03"]
[Round "5"]
[White "tigra"]
[Black "Batica1984"]
[Result "1-0"]
[WhiteElo "2649"]
[BlackElo "2619"]
[TimeControl "180+2"]
[EndTime "14:07:16 PDT"]
[Termination "tigra won by resignation"]

1. e4 c5 2. Nf3 e6 3. d4 cxd4 4.
Nxd4 Nc6 5. Nc3 Qc7 6. a3 a6 7. Be3 b5 8. f4 Bb7 9. Be2 Na5 10.
O-O Nc4 11. Bxc4 Qxc4 12. f5 Nf6 13. fxe6 dxe6 14. e5 Nd5 15. Qh5 g6 16. Qf3 O-O-O 17. Nxd5 Qxd5 18. Qxd5 Rxd5 19. Rxf7 Bc5 20. c3 g5 21. Bf2 h5 22. Re1 Rd7 23. Rf6 Bxd4 24. Bxd4 Bd5 25. Ref1 g4 26. Rg6 Kb7 27. Rf4 a5 28.
Kf2 Rc7 29. h3 gxh3 30. gxh3 b4 31. axb4 axb4 32. cxb4 Rc2+ 33. Ke3 Rh2 34. Rh4 Rf8 35. Rf6 Rg8 36. b5 Rhg2 37. Rf7+ Kc8 38. Kd3 R8g3+ 39. Be3 Rxb2 40. Rxh5 Rb3+ 41. Kd4 Rg8 42. Rhh7 Rxb5 43. Rc7+ Kb8 44. Kc3 Rc8 45. Ba7+ 1-0

[Event "*** MasterClass Titled Tuesday Blitz"]
[Site "Chess.com"]
[Date "2017.10.03"]
[Round "5"]
[White "1stSecond"]
[Black "NTBT_DHS"]
[Result "0-1"]
[WhiteElo "2603"]
[BlackElo "2514"]
[TimeControl "180+2"]
[EndTime "14:07:17 PDT"]
[Termination "NTBT_DHS won by resignation"]

1. d4 Nf6 2. c4 g6 3. Nc3 Bg7 4. e4 d6 5. h3 O-O 6. Nf3 e5 7. d5 Nh5 8. Be3 Na6 9. a3 f5 10.
b4 Bd7 11. c5 f4 12. Bd2 dxc5 13. Bxa6 bxa6 14. bxc5 c6 15. O-O Kh8 16. Re1 Rc8 17. Rc1 cxd5 18. exd5 Rxc5 19. Nxe5 Bf5 20. Nc6 Qg5 21.
Qf3 Qh4 22. d6 g5 23. Ne7 Bd7 24. Ne4 Rxc1 25. Rxc1 g4 26. hxg4 Bxg4 27. Qd3 Bd7 28. Rc7 Ng3 29. Nxg3 fxg3 30. Qxg3 Qd4 31. Bc3 Qd1+ 32.
Kh2 Qh5+ 33. Qh3 Bxh3 34. Ng6+ Qxg6 35. Bxg7+ Qxg7 36. Rxg7 Kxg7 37. Kxh3 Rd8 38. Kg4 Rxd6 39. f4 Rd3 40. Kf5 Rxa3 41. g4 Ra4 42. Kg5 Ra5+ 43. f5 Ra4 44. Kh5 Kf6 45. Kh4 h6 46.
Kh5 a5 0-1

[Event "*** MasterClass Titled Tuesday Blitz"]
[Site "Chess.com"]
[Date "2017.10.03"]
[Round "5"]
[White "biostatistician"]
[Black "TryingToGetBetter94"]
[Result "1-0"]
[WhiteElo "2404"]
[BlackElo "2301"]
[TimeControl "180+2"]
[EndTime "14:07:20 PDT"]
[Termination "biostatistician won by resignation"]

1. d4 d5 2. Nf3 Nf6 3. c4 e6 4. Bg5 Be7 5. e3 h6 6. Bh4 O-O 7. Nc3 b6 8. Be2 dxc4 9. Bxc4 Nbd7 10. O-O c5 11. Qe2 Bb7 12. Rfd1 Qc8 13. Rac1 a6 14. Ne5 Re8 15. Bg3 b5 16. Bd3 c4 17. Bb1 Nb6 18.
a3 Nbd5 19. Nxd5 Bxd5 20. e4 Bb7 21. Qf3 Bd6 22. Re1 Bb8 23. Rcd1 Ra7 24. Bh4 Bxe5 25. dxe5 Nd7 26. Qg3 Nf8 27. Rd6 Ng6 28. f4 Nxh4 29. Qxh4 Qc5+ 30. Kh1 Ba8 31. Qg3 Rc7 32. f5 c3 33. f6 g6 34. bxc3 Qxc3 35. Rd3 Qb2 36. Red1 Rc1 37. Qf4 Rxd1+ 38. Rxd1 Kh7 39. h4 h5 40. Kh2 Qxa3 41. Rd7 Qf8 42. Ba2 Rd8 43. Ra7 Rd4 44. Bxe6 Rxe4 45. Qg5 Re2 46. Rxf7+ Qxf7 47. Bxf7 Rxg2+ 48. Qxg2 Bxg2 49. Kxg2 b4 50. e6 b3 51. e7 b2 52. e8=Q b1=Q 53. Qg8+ 1-0

[Event "*** MasterClass Titled Tuesday Blitz"]
[Site "Chess.com"]
[Date "2017.10.03"]
[Round "5"]
[White "Konavets"]
[Black "wonderfultime"]
[Result "0-1"]
[WhiteElo "2777"]
[BlackElo "2590"]
[TimeControl "180+2"]
[EndTime "14:07:22 PDT"]
[Termination "wonderfultime won by checkmate"]

1. d4 d5 2. c4 c6 3. Nf3 Nf6 4. e3 Bf5 5. Nc3 e6 6. Nh4 Be4 7. f3 Bg6 8. Qb3 Qc7 9. Bd2 Be7 10. g3 O-O 11. Rc1 Qd7 12. Nxg6 hxg6 13. Be2 dxc4 14.
Bxc4 a6 15. Be2 b5 16. a4 Rd8 17. O-O c5 18. axb5 cxd4 19. Na4 dxe3 20. Bxe3 Nd5 21.
Rfd1 Qb7 22. b6 Nd7 23. Bf2 Rdc8 24. Rxc8+ Rxc8 25. Bc4 N7f6 26. Nc3 Nb4 27. Ne2 Nfd5 28. Bxd5 Nxd5 29. Nc3 Nxc3 30. bxc3 Qxf3 31. b7 Rb8 32.
Rd7 Bf8 33. Ba7 a5 34. Qb5 Qxc3 35. Bxb8 Bc5+ 36. Kg2 Qc2+ 37. Kh3 Qf5+ 38. Kg2 Qf2+ 39. Kh3 Qf5+ 40. g4 Qf3+ 41. Kh4 g5+ 42. Kh5 Qh3+ 43. Kxg5 Qh6# 0-1

[Event "*** MasterClass Titled Tuesday Blitz"]
[Site "Chess.com"]
[Date "2017.10.03"]
[Round "5"]
[White "Noukii"]
[Black "grzechu96"]
[Result "1-0"]
[WhiteElo "2686"]
[BlackElo "2421"]
[TimeControl "180+2"]
[EndTime "14:07:26 PDT"]
[Termination "Noukii won by resignation"]

1. d4 Nf6 2. Nf3 g6 3. Bg5 Bg7 4. c3 d5 5. Nbd2 c5 6. e3 Nc6 7.
Be2 O-O 8. O-O b6 9. Nb3 Ne4 10.
Bh4 h6 11. Nfd2 Nxd2 12. Qxd2 c4 13. Nc1 Bf5 14. Bf3 Qd7 15. Bg3 Rad8 16. b3 Na5 17. b4 Nc6 18. a4 a5 19. b5 Na7 20. Re1 Nc8 21. Ne2 Bg4 22. Bxg4 Qxg4 23. Nf4 e6 24. f3 Qg5 25. Rad1 Ne7 26. Qf2 Nf5 27. e4 Nxg3 28. Qxg3 dxe4 29. fxe4 Qxg3 30. hxg3 e5 31.
Nd5 exd4 32. cxd4 f5 33. Ne7+ Kf7 34. Nc6 Rd7 35. e5 Ke6 36. Kf2 Rc8 37. Ke3 Kd5 38.
Kd2 h5 39. Kc3 Rdc7 40. e6 Re8 41. e7 Bf6 42. Re2 Bxe7 43. Re5+ Kd6 44. Rde1 g5 45.
Re6+ 1-0

[Event "*** MasterClass Titled Tuesday Blitz"]
[Site "Chess.com"]
[Date "2017.10.03"]
[Round "5"]
[White "Mbneu"]
[Black "saraswathii"]
[Result "1-0"]
[WhiteElo "2208"]
[BlackElo "2289"]
[TimeControl "180+2"]
[EndTime "14:07:31 PDT"]
[Termination "Mbneu won by checkmate"]

1. d4 Nc6 2. c4 e5 3. e3 Nf6 4.
Nf3 exd4 5. exd4 d5 6. Nc3 Be6 7. c5 a6 8. Bd3 Be7 9. O-O O-O 10. h3 Qd7 11. Re1 Rfe8 12. Ne5 Qc8 13. Nxc6 bxc6 14. Bf4 Bf5 15. b3 Bxd3 16. Qxd3 Nh5 17. Bh2 Bg5 18. Rxe8+ Qxe8 19. Bxc7 Qe7 20. Bd6 Qe6 21. Qe2 Qg6 22. Re1 h6 23. Qf3 Nf6 24. g3 Qc2 25. Re2 Qc1+ 26. Kg2 Bd2 27. Na4 Ne4 28. Rxe4 dxe4 29. Qxe4 Rc8 30. Nb6 Rd8 31. Qxc6 Be1 32.
Qf3 Qc2 33. Nd5 f6 34. Ne7+ Kf7 35. Qd5+ Ke8 36. Qc6+ Rd7 37. Qa8+ Rd8 38. Qc6+ Rd7 39. Qa8+ Rd8 40. Qf3 Qxa2 41. Nc6 Rd7 42. Qe4+ Kf7 43.
Qxe1 Qxb3 44. Qe4 Qb5 45. Qd5+ Kg6 46. Ne7+ Kh7 47. Qg8# 1-0

[Event "*** MasterClass Titled Tuesday Blitz"]
[Site "Chess.com"]
[Date "2017.10.03"]
[Round "5"]
[White "Cruel_Yaro"]
[Black "Kacparov"]
[Result "1/2-1/2"]
[WhiteElo "2695"]
[BlackElo "2626"]
[TimeControl "180+2"]
[EndTime "14:07:34 PDT"]
[Termination "Game drawn by agreement"]

1. a3 g6 2. e4 Bg7 3. d4 d6 4. Nc3 Nd7 5. Be3 c6 6. Qd2 Ngf6 7. f3 O-O 8. Nh3 b5 9. Nf2 Nb6 10. Be2 a5 11. O-O Ba6 12. b4 axb4 13. axb4 Bb7 14.
Bh6 Rxa1 15. Rxa1 e5 16. Bxg7 Kxg7 17. dxe5 dxe5 18. Qxd8 Rxd8 19. Nd3 Nfd7 20. Ra7 Rb8 21. Nd1 Kf8 22. Ne3 Ke7 23. Nb2 Nc8 24. Ra3 Nd6 25.
c4 bxc4 26. Nbxc4 Nb5 27. Ra2 Nd4 28. Bf1 Bc8 29. Ra4 f6 30. Kf2 Nb6 31. Ra7+ Bd7 32.
Na5 Nc8 33. Rb7 Rxb7 34. Nxb7 Nd6 35. Nc5 Be6 36. Ke1 f5 37. Kd2 fxe4 38. fxe4 Nb3+ 39.
Nxb3 Bxb3 40. Bd3 Ba4 41. Ng4 Ke6 42. Ke3 Bb5 43. h4 Bxd3 44. Kxd3 Nb5 45. Kc4 h5 46.
Nf2 Kd6 47. Nh3 Na3+ 48. Kd3 c5 49. bxc5+ Kxc5 50. Ng5 Kd6 51. Kc3 Nb5+ 52. Kc4 Nd4 53. Kd3 Nc6 54. Kc4 Nd4 55. Kd3 Nc6 1/2-1/2

[Event "*** MasterClass Titled Tuesday Blitz"]
[Site "Chess.com"]
[Date "2017.10.03"]
[Round "5"]
[White "chito89"]
[Black "Andrjywa"]
[Result "1/2-1/2"]
[WhiteElo "2570"]
[BlackElo "2346"]
[TimeControl "180+2"]
[EndTime "14:07:34 PDT"]
[Termination "Game drawn by agreement"]

1. e4 c5 2. Nf3 Nc6 3. Bb5 e6 4. O-O Nge7 5. b3 a6 6. Bxc6 Nxc6 7. Bb2 b5 8. d4 cxd4 9. Nxd4 Bb7 10. Nxc6 Bxc6 11.
Nd2 Qg5 12. f4 Qg6 13. Qe2 Bc5+ 14. Kh1 O-O 15. Rae1 f5 16. e5 a5 17. a3 Be3 18.
Bc1 Bxd2 19. Bxd2 a4 20. b4 Rfc8 21. Qf2 Be4 22. c3 Rc4 23. Re3 Rac8 24. h3 Qh5 25.
Kh2 Bd5 26. Rfe1 Re4 27. Rxe4 Bxe4 28. Re3 Bd5 29. Rg3 Qd1 30. Qa7 Bc6 31. Qc5 Re8 32. Be3 Qb3 33. Bd4 Qxa3 34. c4 Qc1 35. Bc3 Qxf4 36.
cxb5 Bd5 37. Qc7 Kf7 38. b6 h5 39. Bd2 Qxd2 40. Qxd7+ Re7 41. Rxg7+ Kxg7 42. Qxe7+ Kh6 43. Qf6+ Kh7 44. Qf7+ Kh6 45. Qf6+ Kh7 46. Qf7+ Kh6 47.
Qf8+ Kh7 1/2-1/2

[Event "*** MasterClass Titled Tuesday Blitz"]
[Site "Chess.com"]
[Date "2017.10.03"]
[Round "5"]
[White "ChessQueen"]
[Black "bancsoo"]
[Result "0-1"]
[WhiteElo "2582"]
[BlackElo "2563"]
[TimeControl "180+2"]
[EndTime "14:07:45 PDT"]
[Termination "bancsoo won by resignation"]

1. e4 e5 2. Nf3 Nc6 3. Bc4 Bc5 4.
c3 Nf6 5. d3 d6 6. O-O a5 7. a4 O-O 8. Bg5 h6 9. Bh4 g5 10. Bg3 Ba7 11. Na3 Kg7 12. Nc2 Nh7 13. d4 h5 14. h4 g4 15. Nfe1 exd4 16. Nxd4 Nxd4 17. cxd4 Nf6 18. e5 Ne4 19. Bf4 dxe5 20. dxe5 Qxd1 21. Rxd1 g3 22. Nd3 Bf5 23. Bd5 Rad8 24.
Bxb7 gxf2+ 25. Kh2 Bg4 26. Bxe4 Bxd1 27. Rxd1 Rd4 28. Nxf2 Rxa4 29. b3 Rb4 30. Bd2 Bxf2 31. Bxb4 axb4 32. g3 c5 33. Kg2 Bd4 34. Bf3 Kh6 35.
Re1 Re8 36. e6 fxe6 37. Bd5 e5 38. Kf3 Rf8+ 39. Kg2 Rf2+ 40. Kh3 Kg6 41. Be4+ Kf6 42. g4 hxg4+ 43. Kxg4 Rf4+ 44. Kh3 Bf2 45. Re2 Rxh4+ 46. Kg2 Bd4 47. Kf3 Rh3+ 48. Kg4 Rxb3 49. Rh2 Re3 50. Bf5 b3 51. Rh6+ Ke7 52. Rb6 c4 53. Rb4 b2 54. Rxc4 e4 55. Rb4 Re1 56. Bxe4 Rxe4+ 57. Kf5 Re1 0-1

[Event "*** MasterClass Titled Tuesday Blitz"]
[Site "Chess.com"]
[Date "2017.10.03"]
[Round "5"]
[White "bilelou"]
[Black "chessking2151"]
[Result "0-1"]
[WhiteElo "2411"]
[BlackElo "2378"]
[TimeControl "180+2"]
[EndTime "14:07:52 PDT"]
[Termination "chessking2151 won by resignation"]

1. e4 e5 2. Nf3 Nc6 3. Bb5 a6 4. Ba4 Nf6 5. d3 b5 6. Bb3 Bc5 7. O-O O-O 8. h3 d6 9. a3 h6 10. Nc3 Nd4 11. Nxd4 Bxd4 12. Be3 Bxc3 13. bxc3 c5 14.
f4 Qe7 15. f5 Bb7 16. g4 c4 17. Ba2 Nd7 18. dxc4 Bxe4 19. cxb5 axb5 20. c4 Rxa3 21. Re1 Rfa8 22. Bf2 Bf3 23. Qb1 bxc4 24. Qb2 c3 25. Qb1 Nf6 26. Re3 Bd5 27. Qb4 Rxa2 28. Rxa2 Bxa2 29.
Rd3 e4 30. Qxd6 Qxd6 31. Rxd6 Bc4 32. Bd4 Nd5 33. h4 f6 34. g5 hxg5 35. hxg5 fxg5 36. Rg6 Nf4 37. Rxg7+ Kf8 38. Be5 Ra1+ 39. Kf2 Rc1 40. Ke3 Rxc2 41. f6 Re2+ 42. Kd4 Ne6+ 43. Kxc4 Nxg7 44.
fxg7+ Kg8 45. Kxc3 Rf2 46. Kd4 Re2 47. Kd5 g4 48. Kd4 Re1 49. Kd5 e3 50. Kd4 e2 51.
Kd3 g3 52. Kd2 g2 0-1

[Event "*** MasterClass Titled Tuesday Blitz"]
[Site "Chess.com"]
[Date "2017.10.03"]
[Round "5"]
[White "severomorskij"]
[Black "VojtechPlat"]
[Result "1-0"]
[WhiteElo "2680"]
[BlackElo "2683"]
[TimeControl "180+2"]
[EndTime "14:07:54 PDT"]
[Termination "severomorskij won by resignation"]

1. d4 d6 2. e4 Nf6 3. Nc3 e5 4. Nge2 Nbd7 5. h3 c6 6. g4 h6 7.
Bg2 Be7 8. O-O O-O 9. Be3 a5 10. Ng3 Nh7 11. Nf5 exd4 12. Qxd4 Ne5 13. f4 Bxf5 14.
gxf5 Nd7 15. Rad1 d5 16. Qd2 Bc5 17. Bxc5 Nxc5 18. exd5 Qb6 19. Qd4 Rad8 20. Kh2 Nf6 21. Rg1 Qb4 22. Bf3 Qxd4 23. Rxd4 b5 24. Rgd1 b4 25.
Ne2 cxd5 26. Bxd5 Rfe8 27. Bc4 Rc8 28. Kg2 Na4 29. Bb5 Rxc2 30. R1d2 Rxe2+ 31. Bxe2 Rxb2 32. Rxb2 Nxb2 33. Rd8+ Kh7 34. Rb8 Na4 35. Bc4 g6 36. Bxf7 gxf5 37. Rb5 Nc3 38. Rxa5 Kg7 39. Be6 Nh5 40. Kf3 Kf6 41. Rxf5+ Kxe6 42. Rxh5 Nxa2 43.
Rxh6+ Kf5 44. Rh5+ Kf6 45. Rb5 Kg6 46. h4 Kf6 47. h5 Nc3 48. Rxb4 Nd5 49. Rb5 Ne7 50. Rb6+ Kf5 51. h6 Ng6 52. h7 1-0

[Event "*** MasterClass Titled Tuesday Blitz"]
[Site "Chess.com"]
[Date "2017.10.03"]
[Round "5"]
[White "BillCoe"]
[Black "chesstatour"]
[Result "1-0"]
[WhiteElo "1957"]
[BlackElo "1835"]
[TimeControl "180+2"]
[EndTime "14:07:58 PDT"]
[Termination "BillCoe won on time"]

1. e4 c6 2. d4 d5 3. Nc3 dxe4 4. Nxe4 Nf6 5. Nxf6+ gxf6 6. Nf3 Bg4 7. Be2 e6 8.
Be3 Nd7 9. Qd2 Bd6 10. h3 Bh5 11. g4 Bg6 12. Bd3 Qc7 13. h4 O-O-O 14. O-O-O Bxd3 15. Qxd3 Bf4 16. Kb1 Nb6 17. Qe4 Bxe3 18. fxe3 Nc4 19. b3 f5 20. Qd3 Nd6 21. gxf5 Nxf5 22. Ne5 c5 23. c3 Kb8 24. e4 Nd6 25. Rhf1 cxd4 26.
cxd4 Rhf8 27. Rc1 Qb6 28. Nc4 Nxc4 29. Rxc4 Rd7 30. Rfc1 Rfd8 31. Qc3 a6 32. Rc8+ Ka7 33.
Rxd8 Rxd8 34. Rd1 Qc6 35. Qd3 b5 36. d5 Qb6 37. d6 Rd7 38. e5 Qc5 39. Qd4 Qxd4 40.
Rxd4 Kb6 41. Kc2 a5 42. Kd3 Kb7 43. Rg4 Kc6 44. Ke4 f5+ 45. exf6 Kxd6 46. Rg7 Rd8 47. Rxh7 Rf8 48. Rb7 Rxf6 49. Rxb5 a4 50. bxa4 Rf2 51. h5 Rxa2 52. Ra5 Rh2 53. Kf4 1-0

[Event "*** MasterClass Titled Tuesday Blitz"]
[Site "Chess.com"]
[Date "2017.10.03"]
[Round "5"]
[White "VladimirBelous"]
[Black "sergiochess83"]
[Result "1/2-1/2"]
[WhiteElo "2648"]
[BlackElo "2717"]
[TimeControl "180+2"]
[EndTime "14:08:03 PDT"]
[Termination "Game drawn by agreement"]

1. c4 e5 2. g3 Nf6 3. Bg2 d5 4. cxd5 Nxd5 5. Nf3 Nc6 6. O-O Nb6 7. b3 Bd6 8. Nc3 O-O 9. Bb2 Re8 10. Rc1 Bg4 11. h3 Bh5 12. Ne4 f5 13. Nxd6 cxd6 14. d3 Qd7 15. b4 a6 16. a3 Rac8 17. Qd2 Ne7 18. Qg5 Bf7 19. Ba1 h6 20. Qe3 Ned5 21. Qd2 Nf6 22. e3 Bd5 23. Kh2 Rxc1 24. Rxc1 Rc8 25.
Rxc8+ Qxc8 26. Nh4 Bxg2 27. Nxg2 Kf7 28. f4 Qe6 29.
fxe5 dxe5 30. Qf2 g6 31. e4 fxe4 32. dxe4 Nd7 33. Ne3 Ke7 34. Qc2 Qc6 35. Qxc6 bxc6 36. Nc4 Nxe4 37. Nxe5 Nxe5 38. Bxe5 Ke6 39. Bg7 h5 40.
Kg2 Kd5 41. Kf3 Ng5+ 42. Kg2 Kc4 43. Bf6 Ne4 44. Be7 Nd2 45. Kf2 Kb3 46. Ke3 Nc4+ 47.
Kf4 Nxa3 48. Kg5 Nc2 49. Kxg6 Nxb4 50. Kxh5 a5 51. g4 a4 52. g5 a3 53. g6 a2 54. g7 a1=Q 55. g8=Q+ Nd5 1/2-1/2

[Event "*** MasterClass Titled Tuesday Blitz"]
[Site "Chess.com"]
[Date "2017.10.03"]
[Round "5"]
[White "Gordima"]
[Black "Oleksandr_Bortnyk"]
[Result "1-0"]
[WhiteElo "2589"]
[BlackElo "2818"]
[TimeControl "180+2"]
[EndTime "14:08:10 PDT"]
[Termination "Gordima won on time"]

1. Nf3 Nf6 2. g3 g6 3. b3 Bg7 4. Bb2 O-O 5. Bg2 d5 6. c4 c6 7.
O-O Re8 8. d3 a5 9. Ba3 e5 10.
Bb2 d4 11. Nfd2 Na6 12. Na3 Bg4 13. Nc2 Qd7 14. Re1 Nc5 15. Qb1 Rad8 16. Ba3 b6 17. Bxc5 bxc5 18. Qb2 Bh6 19. Nf1 Bh3 20. Bxh3 Qxh3 21.
Qa3 e4 22. Qxc5 Ng4 23. Qxc6 Re5 24. dxe4 Nxh2 25. Nxh2 Rh5 26. e5 Qxh2+ 27. Kf1 Qh3+ 28. Qg2 Qe6 29. Rad1 Qxe5 30. e3 d3 31. Nd4 Rxd4 32.
exd4 Qxd4 33. Re8+ Kg7 34. Qa8 Rh2 35. Rg8+ Kf6 36.
Qc6+ Kg5 37. Qf3 d2 38. Kg1 Rh5 39. Qxf7 Kg4 40. Qe6+ Rf5 41. Qe2+ Kh3 42. Qf1+ Kg4 43. Qe2+ Kh3 44. Re8 Bf4 45. Re4 Re5 46. Qf1+ Kg4 47. Rxd4 1-0

[Event "*** MasterClass Titled Tuesday Blitz"]
[Site "Chess.com"]
[Date "2017.10.03"]
[Round "5"]
[White "MaxLeto"]
[Black "motivated_bishop"]
[Result "1-0"]
[WhiteElo "2335"]
[BlackElo "2150"]
[TimeControl "180+2"]
[EndTime "14:08:10 PDT"]
[Termination "MaxLeto won by resignation"]

1. b3 Nf6 2. Bb2 e6 3. e3 Be7 4.
Nf3 d5 5. Be2 O-O 6. O-O c5 7.
d4 cxd4 8. Nxd4 Nc6 9. Nxc6 bxc6 10. c4 a5 11. Nc3 Ba6 12. Qc2 Nd7 13. Rfd1 Qc8 14. Na4 Qb7 15. Rac1 Rfc8 16. Bd3 h6 17. Qe2 Nb6 18. Qg4 Bf8 19. Nc5 f5 20. Qg6 Bxc5 21.
Qxe6+ Qf7 22. cxd5 Qxe6 23. dxe6 Be7 24. Bxf5 Nd5 25. g3 Bb7 26. e4 Nf6 27. h4 Rd8 28. g4 Rxd1+ 29. Rxd1 Rd8 30. Rxd8+ Bxd8 31. g5 hxg5 32. hxg5 Ne8 33. Bg6 Nc7 34. Bf7+ Kf8 35. f4 Bc8 36. f5 Bxg5 37. Be5 Ne8 38. Bc3 Nd6 39. Bg6 Nxe4 40. Bxa5 Be3+ 41. Kg2 c5 42. Kf3 Nf6 43. Kxe3 Ke7 44. Bc3 Nd5+ 45. Kd3 Ba6+ 46. Kc2 Nxc3 47. Kxc3 Kf6 48. a3 Be2 49. b4 cxb4+ 50.
Kxb4 Ke7 51. Kc5 Bf1 52. a4 Be2 53. a5 Bf1 54. Kb6 Be2 55. a6 Bf3 56. Kc7 1-0